 Dungeon Crawl Stone Soup version 0.22-a0-750-ga7dcef7 (webtiles) character file.

2613 sking99 the Basher (level 9, -3/68 HPs)
             Began as a Demonspawn Fighter on July 15, 2018.
             Was a Believer of Dithmenos.
             Slain by a killer bee (5 damage)
             ... on level 8 of the Dungeon.
             The game lasted 00:11:36 (6971 turns).

sking99 the Basher (Demonspawn Fighter)             Turns: 6971, Time: 00:11:37

Health: -3/68      AC: 10    Str: 20    XL:     9   Next: 34%
Magic:  18/18      EV:  6    Int:  9    God:    Dithmenos [**....]
Gold:   350        SH: 11    Dex: 13    Spells: 8/8 levels left

rFire    . . .     SeeInvis .   a - +0 flail
rCold    . . .     Gourm    .   c - +0 shield
rNeg     . . .     Faith    +   n - +0 chain mail
rPois    .         Spirit   .   (helmet unavailable)
rElec    .         Reflect  .   o - +0 cloak
rCorr    .         Harm     .   (no gloves)
MR       .....                  (no boots)
Stlth    ..........             D - amulet of faith
HPRegen  0.21/turn              w - ring of magical power
MPRegen  0.16/turn              (no ring)

@: lethally poisoned (-3 -> -12), wreathed by umbra, invisible
A: horns 3, powered by pain 2, sturdy frame 1
a: Shadow Step, Renounce Religion


You were on level 8 of the Dungeon.
You worshipped Dithmenos.
Dithmenos was pleased with you.
You were not hungry.

You visited 1 branch of the dungeon, and saw 8 of its levels.

You collected 350 gold pieces.

Inventory:

Hand Weapons
 a - a +0 flail (weapon)
Missiles
 C - a throwing net (quivered)
Armour
 c - a +0 shield (worn)
 n - a +0 chain mail (worn)
 o - a +0 cloak (worn)
Jewellery
 h - an uncursed ring of ice {unknown}
 k - a cursed ring of loudness {unknown}
 w - a ring of magical power (left hand)
 D - an amulet of faith (around neck)
Wands
 b - a wand of flame (24)
 m - a wand of acid (8)
 q - a wand of iceblast (26)
 v - a wand of enslavement (3)
 y - a wand of random effects (18)
Scrolls
 d - a scroll of blinking
 e - a scroll of magic mapping
 g - 6 scrolls of enchant armour
 j - 3 scrolls of teleportation
 l - 3 scrolls of amnesia
 p - a scroll of fear
 u - a scroll of immolation
 x - 3 scrolls of remove curse
Potions
 i - 5 potions of curing
 r - 2 potions of magic
 z - 4 potions of haste
 B - a potion of ambrosia
 E - a potion of berserk rage
Comestibles
 f - 13 rations
 s - a chunk of flesh


   Skills:
 - Level 5.1 Fighting
 * Level 9.2 Maces & Flails
 - Level 2.6 Armour
 + Level 6.9 Shields


You had 8 spell levels left.
You didn't know any spells.
Your spell library was empty.

Dungeon Overview and Level Annotations

Branches:
Dungeon (8/15)             Temple (0/1) D:6            Lair (0/6) D:8

Altars:
Cheibriados
Dithmenos
Elyvilon
Kikubaaqudgha
Wu Jian

Shops:
D:7 [   D:8 }


Innate Abilities, Weirdness & Mutations

You have a pair of large horns on your head.
You sometimes gain power by taking damage.
Your movements are slightly less encumbered by armour. (ER -2)


Message History

The killer bee is lightly wounded.
You feel sick. You block the killer bee's attack. x2
The killer bee stings you.
* * * LOW HITPOINT WARNING * * *
You miss the killer bee.
The killer bee is lightly wounded.
You feel sick. You block the killer bee's attack.
The killer bee stings you but does no damage.
The killer bee stings you!
* * * LOW HITPOINT WARNING * * *
You are more poisoned.
The killer bee poisons you!
Okay, then.
Okay, then.
Okay, then.
You fade into invisibility!
You feel sick. You block the killer bee's attack. The killer bee stings you!
* * * LOW HITPOINT WARNING * * *
The killer bee stings you.
You die...

#..........# #....#.........
...........# #...........###
#...yy.....# #...#.......##.
#..y../yy#####...#.......##.
#.y.#+#.#.#.......#.......##.
#.#
.#.#.#.##.####.##..###.##.
#.....sy.yy# ...###.##.
#.....#..#y# ##.##......
#........#@# #......
..#####.##.# #...... ..
..##.# ###.... #####.# #.##.
#.# #. #.##8 #.# #. #.##.
#######.####### ..#.8.∩
.........#....#.##.#.##.
#######..#......##.#.##8


You could see 3 killer bees.

Vanquished Creatures
  Sigmund (D:2)
  A wyvern (D:6)
  Menkaure (D:4)
  An ice beast (D:5)
  3 ogres
  A phantom (D:7)
  3 centaurs
  Blork the orc (D:5)
  2 bullfrogs
  A scorpion (D:5)
  5 killer bees (D:7)
  3 crimson imps
  2 bullfrog zombies
  3 hounds
  A bullfrog skeleton (D:5)
  3 orc priests
  Crazy Yiuf (D:2)
  An iguana (D:7)
  6 orc wizards
  Natasha (twice) (D:3)
  4 worker ants
  A howler monkey zombie (D:6)
  A worker ant zombie (D:5)
  4 gnolls (D:5)
  A howler monkey skeleton (D:2)
  9 adders
  A shadow imp (D:6)
  An ooze (D:2)
  An adder zombie (D:8)
  An adder skeleton (D:6)
  2 worms
  4 dart slugs
  3 leopard geckos
  23 orcs
  5 ball pythons
  8 giant cockroaches
  4 goblins
  15 hobgoblins
  4 jackals (D:6)
  3 quokkas
  5 bats
  5 frilled lizards
  A jackal zombie (D:7)
  8 kobolds
  2 quokka skeletons
  5 rats
163 creatures vanquished.

Notes
Turn   | Place    | Note
-------+----------+-------------------------------------------
     0 | D:1      | sking99 the Demonspawn Fighter began the quest for the Orb.
     0 | D:1      | Reached XP level 1. HP: 18/18 MP: 1/1
    56 | D:1      | Reached skill level 2 in Maces & Flails
    73 | D:1      | Gained mutation: You sometimes gain a little power by taking damage. [demonic ancestry]
    73 | D:1      | Reached XP level 2. HP: 18/24 MP: 2/2
   462 | D:1      | Gained mutation: You have a pair of small horns on your head. [demonic ancestry]
   462 | D:1      | Reached XP level 3. HP: 29/29 MP: 3/3
   792 | D:2      | Found a runed door.
  1212 | D:2      | Reached skill level 3 in Maces & Flails
  1347 | D:2      | Gained mutation: You sometimes gain power by taking damage. [demonic ancestry]
  1347 | D:2      | Reached XP level 4. HP: 28/35 MP: 4/4
  1400 | D:2      | Noticed Sigmund
  1406 | D:2      | Killed Sigmund
  1406 | D:2      | Reached skill level 4 in Maces & Flails
  1406 | D:2      | Gained mutation: You have a pair of horns on your head. [demonic ancestry]
  1406 | D:2      | Reached XP level 5. HP: 9/42 MP: 5/5
  1747 | D:2      | Found a snail-covered altar of Cheibriados.
  1906 | D:2      | Noticed Crazy Yiuf
  1912 | D:2      | Killed Crazy Yiuf
  1912 | D:2      | Reached XP level 6. HP: 36/48 MP: 6/6
  2051 | D:3      | Noticed Natasha
  2059 | D:3      | Killed Natasha
  2516 | D:3      | Noticed Natasha
  2527 | D:3      | Killed Natasha
  2831 | D:4      | Noticed Menkaure
  2839 | D:4      | Killed Menkaure
  2839 | D:4      | Reached skill level 5 in Maces & Flails
  3004 | D:4      | Gained mutation: Your movements are slightly less encumbered by armour. (ER -2) [demonic ancestry]
  3004 | D:4      | Reached XP level 7. HP: 55/55 MP: 7/7
  3032 | D:4      | Found a shadowy altar of Dithmenos.
  3668 | D:4      | Found an ancient bone altar of Kikubaaqudgha.
  3668 | D:4      | Found a white marble altar of Elyvilon.
  3677 | D:4      | Found an ornate altar of the Wu Jian Council.
  3829 | D:4      | Became a worshipper of Dithmenos the Shadowed
  3833 | D:5      | Entered Level 5 of the Dungeon
  3911 | D:5      | Reached skill level 5 in Fighting
  4155 | D:5      | Noticed Blork the orc
  4165 | D:5      | Killed Blork the orc
  4165 | D:5      | Reached skill level 6 in Maces & Flails
  4192 | D:5      | Reached skill level 5 in Shields
  4203 | D:5      | Gained mutation: You have a pair of large horns on your head. [demonic ancestry]
  4203 | D:5      | Reached XP level 8. HP: 59/62 MP: 8/8
  4615 | D:5      | Reached skill level 7 in Maces & Flails
  5062 | D:6      | Reached * piety under Dithmenos
  5262 | D:6      | Found a staircase to the Ecumenical Temple.
  5452 | D:6      | Reached skill level 8 in Maces & Flails
  6052 | D:7      | Found Nosaih's Armour Shoppe.
  6075 | D:7      | Reached XP level 9. HP: 62/68 MP: 9/9
  6190 | D:7      | Reached ** piety under Dithmenos
  6458 | D:7      | Reached skill level 9 in Maces & Flails
  6837 | D:8      | Found Juog's Gadget Shop.
  6940 | D:8      | Found a staircase to the Lair.
  6957 | D:8      | Noticed a queen bee
  6971 | D:8      | HP: 2/68 [killer bee (10)]
  6971 | D:8      | Slain by a killer bee

Vault maps used:
D:1:      evilmike_arrival_run_for_it
D:2:      cheibriados_altar_1, uniq_sigmund, uniq_crazy_yiuf_cottage
D:3:      uniq_natasha
D:4:      grunt_dithmenos_smoke, minitemple, minivault_19, uniq_menkaure
D:5:      first_ration, dk_noncrumbling_2, kennysheep_generic_room_6,
          uniq_blork_the_orc
D:6:      minmay_temple_entry_statues_fountains
D:7:      serial_shops, shop
D:8:      lair_entry_dummy, serial_shops, nicolae_shop_statue_plus,
          david_nohive_1

Skill      XL: |  1  2  3  4  5  6  7  8  9 |
---------------+----------------------------+-----
Maces & Flails | 2 3 4 5 6 8 9 |  9.2
Shields        | 3 4 5 6 |  6.9
Fighting       | 4 5 |  5.1
Armour         | |  2.6

Action                   |  1- 3 |  4- 6 |  7- 9 || total
-------------------------+-------+-------+-------++-------
Melee: Flail             |   110 |   110 |   384 ||   604
       Headbutt          |    16 |    18 |    61 ||    95
  Use: Scroll            |     5 |     2 |    10 ||    17
       Potion            |       |     1 |     4 ||     5
  Eat: Chunk             |     1 |     6 |    13 ||    20
Armor: Scale mail        |    27 |       |       ||    27
       Chain mail        |     6 |    44 |   111 ||   161
       Skin              |       |       |    97 ||    97
Dodge: Dodged            |    19 |    11 |   114 ||   144
Block: Shield            |    59 |    56 |   215 ||   330

Table legend:
 A = Spawn XP
 B = Non-spawn XP
 C = Spawn XP percentage of total XP
 D = Spawn monster count
 E = Non-spawn monster count
 F = Spawn count percentage of total count
 G = Total turns spent on level
                    A         B        C        D         E        F      G
               +---------+---------+-------+---------+---------+-------+---------
         Total |       0 |    3733 |   0.0 |       0 |     163 |   0.0 |  6971
               +---------+---------+-------+---------+---------+-------+---------
           D:1 |       0 |      46 |   0.0 |       0 |      22 |   0.0 |   747
           D:2 |       0 |     334 |   0.0 |       0 |      21 |   0.0 |  1273
           D:3 |       0 |     130 |   0.0 |       0 |      23 |   0.0 |   659
           D:4 |       0 |     420 |   0.0 |       0 |      18 |   0.0 |  1154
           D:5 |       0 |    1044 |   0.0 |       0 |      31 |   0.0 |  1050
           D:6 |       0 |     611 |   0.0 |       0 |      25 |   0.0 |  1064
           D:7 |       0 |     924 |   0.0 |       0 |      19 |   0.0 |   747
           D:8 |       0 |     224 |   0.0 |       0 |       4 |   0.0 |   277
               +---------+---------+-------+---------+---------+-------+---------
